[Event "Titled Tuesday Blitz February 28 Late 2023"]
[White "Wang, Alexander J"]
[Black "Levine, David"]
[WhiteFideId "30955270"]
[BlackFideId "2011611"]
[WhiteElo "2219"]
[BlackElo "2133"]
[Result "1-0"]
[Round "10"]
[TimeControl "180+2"]
[Date "2023.02.28"]
[WhiteClock "0:00:22"]
[BlackClock "0:00:02"]

1. e4 e5 2. Nf3 Nc6 3. Bb5 a6 4. Ba4 Nf6 5. d4 b5 6. dxe5 bxa4 7. exf6 Qxf6 8. Nc3 a3 9. Nd5 Qd8 10. Bf4 d6 11. bxa3 Be6 12. O-O Ne7 13. c4 c6 14. Ne3 Ng6 15. Bg3 h5 16. h3 Qd7 17. Nd4 h4 18. Bh2 Be7 19. Ndf5 Rd8 20. Nxg7+ Kf8 21. Ngf5 Bf6 22. Qxd6+ Kg8 23. Rad1 Qb7 24. Qc5 Rc8 25. Nd6 Qe7 26. Qb6 Rd8 27. Nef5 Bxf5 28. Nxf5 Qe8 29. Rxd8 Bxd8 30. Qb8 Kh7 31. Nd6 Qd7 32. Qb2 Bc7 33. c5 Qe6 34. Nf5 Be5 35. Bxe5 Nxe5 36. Rd1 Rg8 37. Rd6 1-0


[Site "https://www.chess.com"]

[Event "Titled Tuesday Blitz February 28 Late 2023"]
[White "Mendez Machado, Andre"]
[Black "Ricaurte Lopez, Juan Carlos"]
[WhiteFideId "6603793"]
[BlackFideId "3600327"]
[WhiteElo "1989"]
[BlackElo "2209"]
[Result "1-0"]
[Round "10"]
[TimeControl "180+2"]
[Date "2023.02.28"]
[WhiteClock "0:00:14"]
[BlackClock "0:00:02"]

1. e4 e5 2. Nf3 d5 3. exd5 e4 4. Qe2 Nf6 5. Nc3 Be7 6. Nxe4 Nxd5 7. d3 O-O 8. Qd1 Re8 9. Be2 f5 10. Nc3 Bf6 11. Bd2 Nc6 12. O-O b5 13. Nxd5 Qxd5 14. Bc3 Bxc3 15. bxc3 Bb7 16. Qb1 Na5 17. Re1 a6 18. Qb4 Nc6 19. Qb3 Na5 20. Qxd5+ Bxd5 21. Nd4 g6 22. Bf3 Bxf3 23. Nxf3 c5 24. Ne5 Kg7 25. f4 Re7 26. Kf2 Rae8 27. g3 h6 28. Rad1 g5 29. d4 cxd4 30. cxd4 gxf4 31. gxf4 Nc4 32. Nxc4 bxc4 33. Rxe7+ Rxe7 34. Re1 Rb7 35. Re5 Rb2 36. Rxf5 Rxc2+ 37. Kg3 Rxa2 38. Rc5 Rd2 39. Rxc4 a5 40. Ra4 Kf6 41. h4 h5 42. Rxa5 Rxd4 43. Rxh5 Rd3+ 44. Kg4 Rd1 45. Rh6+ Kg7 46. Ra6 1-0


[Site "https://www.chess.com"]

[Event "Titled Tuesday Blitz February 28 Late 2023"]
[White "Lopez Perdomo, Juan David"]
[Black "Manu_ChessExcelsior"]
[WhiteFideId "4405137"]
[WhiteElo "1965"]
[BlackElo "1990"]
[Result "1-0"]
[Round "10"]
[TimeControl "180+2"]
[Date "2023.02.28"]
[WhiteClock "0:00:58"]
[BlackClock "0:00:05"]

1. e4 e5 2. d4 exd4 3. Nf3 d5 4. exd5 Qxd5 5. Be2 Nf6 6. O-O Be7 7. Bg5 O-O 8. Bxf6 Bxf6 9. Nc3 Qd8 10. Ne4 Nc6 11. Bb5 Bg4 12. Bxc6 bxc6 13. Qd3 Bf5 14. Nxf6+ Qxf6 15. Qxd4 Bxc2 16. Qxf6 gxf6 17. Nd4 Be4 18. f3 Bd5 19. Rfc1 Rab8 20. b3 Rb6 21. Rc5 Rd8 22. Nf5 Kf8 23. Rac1 Be6 24. Ng3 Rd2 25. Ra5 a6 26. Ne4 Rd5 27. Rxd5 cxd5 28. Nxf6 c6 29. Nxh7+ Ke7 30. Ng5 Bf5 31. g4 Bc8 32. h4 Rb5 33. Rxc6 Bd7 34. Rxa6 f6 35. Nh3 d4 36. Nf4 Rb8 37. Nd5+ Kd8 38. Rxf6 d3 39. Kf2 Rb5 40. Rf8+ Be8 41. Rxe8+ Kxe8 42. Nc7+ 1-0


[Site "https://www.chess.com"]

[Event "Titled Tuesday Blitz February 28 Late 2023"]
[White "Davidson, Kevin"]
[Black "Desideri, Ricardo Maruchi"]
[WhiteFideId "2056810"]
[BlackFideId "2110440"]
[WhiteElo "2151"]
[BlackElo "1945"]
[Result "1-0"]
[Round "10"]
[TimeControl "180+2"]
[Date "2023.02.28"]
[WhiteClock "0:00:29"]
[BlackClock "0:01:21"]

1. e4 c5 2. Nf3 d6 3. d4 cxd4 4. Nxd4 Nf6 5. Nc3 a6 6. h3 e6 7. g4 b5 8. Bg2 Bb7 9. O-O h6 10. Re1 Qc7 11. a4 b4 12. Nd5 exd5 13. exd5+ Kd8 14. a5 Be7 15. Nf5 Bf8 16. Qd4 Nbd7 17. Qxb4 g6 18. Nd4 Nxd5 19. Qb3 Nc5 20. Qc4 Nf6 21. Bxb7 Qxb7 22. b4 Nce4 23. b5 Rc8 24. Nc6+ Kd7 25. Qxf7+ Be7 26. Qxe7# 1-0


[Site "https://www.chess.com"]

[Event "Titled Tuesday Blitz February 28 Late 2023"]
[White "Cueto, Jonny"]
[Black "Osmonbekov, Talaibek"]
[WhiteFideId "3300145"]
[BlackFideId "2017253"]
[WhiteElo "2212"]
[BlackElo "2135"]
[Result "0-1"]
[Round "10"]
[TimeControl "180+2"]
[Date "2023.02.28"]
[WhiteClock "0:00:01"]
[BlackClock "0:00:44"]

1. d4 e6 2. Nf3 f5 3. Bf4 Nf6 4. e3 g6 5. h4 Bg7 6. c4 O-O 7. Bd3 d6 8. h5 Nxh5 9. Rxh5 gxh5 10. Nc3 Nc6 11. Qc2 e5 12. Bg5 Qe8 13. dxe5 Nb4 14. Qd2 Nxd3+ 15. Qxd3 dxe5 16. Qc2 h6 17. Bh4 c6 18. O-O-O Be6 19. c5 Qg6 20. Be7 Rf7 21. Nh4 Qg4 22. f3 Qg3 23. Ne2 Qh2 24. Rd8+ Rxd8 25. Bxd8 Qh1+ 26. Kd2 Rd7+ 27. Kc3 Rxd8 28. Nxf5 Qxg2 29. Ne7+ Kf7 30. Ng6 Qxg6 31. e4 Rd4 32. Nxd4 exd4+ 33. Kd3 Qg1 34. Ke2 Qe3+ 35. Kd1 d3 36. Qa4 Qe2+ 37. Kc1 Qe1+ 38. Qd1 Bxb2+ 39. Kxb2 Qxd1 0-1


[Site "https://www.chess.com"]

[Event "Titled Tuesday Blitz February 28 Late 2023"]
[White "rikchessmx"]
[Black "Einarsson, Halldor Gretar"]
[BlackFideId "2300150"]
[WhiteElo "2163"]
[BlackElo "2126"]
[Result "1/2-1/2"]
[Round "10"]
[TimeControl "180+2"]
[Date "2023.02.28"]
[WhiteClock "0:00:24"]
[BlackClock "0:00:13"]

1. e4 c5 2. Nf3 Nc6 3. d4 cxd4 4. Nxd4 Nf6 5. Nxc6 bxc6 6. Bd3 d5 7. e5 Ng4 8. f4 Qb6 9. Qe2 Nh6 10. Nc3 Nf5 11. Na4 Qa5+ 12. Nc3 Nd4 13. Qf2 c5 14. Bd2 Qd8 15. Be3 e6 16. Bxd4 cxd4 17. Qxd4 Be7 18. Bb5+ Bd7 19. Qa4 a6 20. Bxd7+ Qxd7 21. Qxd7+ Kxd7 22. O-O-O Rab8 23. g4 Rhc8 24. f5 Bg5+ 25. Rd2 Bxd2+ 26. Kxd2 Rb4 27. h3 Rxb2 28. Kd3 Rb4 29. Rf1 Rbc4 30. Ne2 Rxc2 31. fxe6+ fxe6 32. Rf7+ Ke8 33. Rxg7 Rxa2 34. Nd4 Ra3+ 35. Kd2 Rxh3 36. Nxe6 Rb8 37. Kc2 Rc8+ 38. Kd2 Rb8 39. Kc2 Rc8+ 40. Kd2 1/2-1/2


[Site "https://www.chess.com"]

[Event "Titled Tuesday Blitz February 28 Late 2023"]
[White "Marcolino, Daniel Mattos"]
[Black "Gamage, Wanshini Vidusama"]
[WhiteFideId "2106841"]
[BlackFideId "9953752"]
[WhiteElo "2110"]
[BlackElo "2190"]
[Result "1-0"]
[Round "10"]
[TimeControl "180+2"]
[Date "2023.02.28"]
[WhiteClock "0:00:07"]
[BlackClock "0:00:45"]

1. d4 Nf6 2. Nf3 g6 3. g3 Bg7 4. Bg2 O-O 5. O-O d5 6. c4 dxc4 7. Na3 c5 8. Nxc4 cxd4 9. Qxd4 Qc7 10. Bf4 Qd7 11. Qxd7 Bxd7 12. Nfe5 Bc6 13. Nxc6 Nxc6 14. Rad1 Rfd8 15. b3 Rac8 16. Ne5 Nxe5 17. Bxe5 b6 18. Bf3 Nd7 19. Bf4 e5 20. Be3 Nc5 21. Rxd8+ Rxd8 22. Rc1 e4 23. Bg2 Rd5 24. Bxc5 Rxc5 25. Rxc5 bxc5 26. Bxe4 Bd4 27. e3 Be5 28. Kf1 Kf8 29. Ke2 Ke7 30. Kd3 h6 31. Kc4 Bd6 32. Kb5 c4 33. bxc4 Bc7 34. Kc6 Kd8 35. c5 g5 36. Kb7 Ba5 37. Kxa7 Kc7 38. Ka6 Be1 39. f4 Bf2 40. fxg5 hxg5 41. Kb5 Bxe3 42. h4 Bf2 43. h5 Bxg3 44. h6 Be5 45. h7 g4 46. a4 g3 47. a5 f5 48. Bg2 f4 49. a6 Kb8 50. Kc6 Ka7 51. Kd7 Kxa6 52. c6 Kb6 53. c7 f3 54. Bxf3 Bxc7 55. h8=Q g2 56. Bxg2 Ka7 57. Qa1+ Kb6 58. Qb2+ Ka7 59. Kxc7 Ka6 60. Qb6# 1-0


[Site "https://www.chess.com"]

[Event "Titled Tuesday Blitz February 28 Late 2023"]
[White "Pissama Ntsaou, Martial"]
[Black "Sanchez, Robert"]
[WhiteFideId "17400864"]
[BlackFideId "2034360"]
[WhiteElo "2066"]
[BlackElo "2383"]
[Result "1-0"]
[Round "10"]
[TimeControl "180+2"]
[Date "2023.02.28"]
[WhiteClock "0:00:54"]
[BlackClock "0:01:31"]

1. e4 e5 2. Nf3 Nc6 3. Bc4 Nf6 4. d3 Bc5 5. O-O d6 6. c3 a6 7. Bb3 Be6 8. Re1 h6 9. Bxe6 fxe6 10. Qb3 Qc8 11. Nbd2 O-O 12. Nf1 Ng4 13. Re2 Rb8 14. h3 Nf6 15. Be3 Bxe3 16. Rxe3 Nh5 17. g3 Qe8 18. Kg2 Qg6 19. N1h2 Nf4+ 20. Kf1 Nxh3 21. Ke2 Rf7 22. Rh1 Ng5 23. Nxg5 hxg5 24. Ng4 b5 25. Rh2 Rbf8 26. a4 b4 27. Qc4 d5 28. Qxc6 d4 29. Nxe5 Qf6 30. cxd4 1-0


[Site "https://www.chess.com"]

[Event "Titled Tuesday Blitz February 28 Late 2023"]
[White "Govender, Kaedan"]
[Black "Kujawski, Adam"]
[WhiteFideId "14322072"]
[BlackFideId "1100920"]
[WhiteElo "1962"]
[BlackElo "2054"]
[Result "0-1"]
[Round "10"]
[TimeControl "180+2"]
[Date "2023.02.28"]
[WhiteClock "0:00:56"]
[BlackClock "0:00:14"]

1. d4 Nf6 2. c4 e6 3. Nc3 Bb4 4. a3 Bxc3+ 5. bxc3 c5 6. f3 d6 7. e4 e5 8. Bg5 h6 9. Bh4 g5 10. Bg3 Nc6 11. dxe5 dxe5 12. Qa4 Kf8 13. Rd1 Qe7 14. Bd3 Kg7 15. h4 Nh5 16. Bf2 Bd7 17. Qb5 b6 18. hxg5 Nb4 19. gxh6+ Rxh6 20. Qxd7 Qxd7 21. cxb4 Rah8 22. Nh3 Nf4 23. Bc2 Nxg2+ 24. Kf1 Qe6 25. Kxg2 Rxh3 26. Rhg1 R8h6 27. Be3 Rg6+ 28. Kf2 Rh2+ 29. Kf1 Qh3+ 30. Ke1 Rxg1+ 31. Bxg1 Qg3+ 32. Kf1 Qg2+ 33. Ke1 Qe2# 0-1


[Site "https://www.chess.com"]

[Event "Titled Tuesday Blitz February 28 Late 2023"]
[White "Skaric, Djuro"]
[Black "Burke, Paul"]
[WhiteFideId "934569"]
[BlackFideId "2605767"]
[WhiteElo "2282"]
[BlackElo "1905"]
[Result "1-0"]
[Round "10"]
[TimeControl "180+2"]
[Date "2023.02.28"]
[WhiteClock "0:02:01"]
[BlackClock "0:00:01"]

1. g3 a6 2. Bg2 d6 3. d4 Nd7 4. c4 g6 5. Nc3 Bg7 6. e4 e5 7. Nge2 Ne7 8. O-O O-O 9. h3 h6 10. Nd5 c6 11. Nxe7+ Qxe7 12. d5 c5 13. Be3 f5 14. Qd3 Nf6 15. f3 Bd7 16. Rab1 Rab8 17. b4 b6 18. Rb3 fxe4 19. fxe4 Nh5 20. Rfb1 cxb4 21. Rxb4 b5 22. c5 dxc5 23. d6 Qe6 24. Bxc5 Qxa2 25. R4b2 Qe6 26. Nc3 Bc6 27. Nd5 Bxd5 28. exd5 Qf5 29. Qxf5 gxf5 30. g4 fxg4 31. hxg4 Nf6 32. d7 Nxd7 33. Bxf8 Bxf8 34. Rc2 Bc5+ 35. Kf1 Bd4 36. Rc7 Nf6 37. d6 Rd8 38. Rc6 Nxg4 39. Bd5+ Kg7 40. Ke2 Ne3 41. Be4 Nc4 42. Rxa6 1-0


[Site "https://www.chess.com"]

[Event "Titled Tuesday Blitz February 28 Late 2023"]
[White "Souza, Gustavo Horokoski De"]
[Black "Dias, Joao Batista"]
[WhiteFideId "2146584"]
[BlackFideId "2108240"]
[WhiteElo "1859"]
[BlackElo "1907"]
[Result "1-0"]
[Round "10"]
[TimeControl "180+2"]
[Date "2023.02.28"]
[WhiteClock "0:01:34"]
[BlackClock "0:01:18"]

1. d4 d5 2. c4 c6 3. Nc3 Nf6 4. Nf3 e6 5. Bg5 Be7 6. e3 Nbd7 7. Rc1 h6 8. Bh4 O-O 9. Qc2 dxc4 10. Bxc4 b5 11. Bd3 a6 12. a3 c5 13. dxc5 Nxc5 14. Be2 Bb7 15. b4 Nce4 16. Nxe4 Bxe4 17. Qb2 Rc8 18. O-O Qd5 19. Rfd1 Qf5 20. Nd4 Qg6 21. f3 Bd5 22. Bd3 Qh5 23. Bg3 e5 24. Nf5 Rxc1 25. Rxc1 Bd8 26. Bxe5 Bb6 27. Bxf6 gxf6 28. Qxf6 Qg5 29. Nxh6+ 1-0


[Site "https://www.chess.com"]

[Event "Titled Tuesday Blitz February 28 Late 2023"]
[White "Espinosa, Pedro"]
[Black "Vargas, Mauricio"]
[WhiteFideId "30921066"]
[BlackFideId "4404572"]
[WhiteElo "2016"]
[BlackElo "2025"]
[Result "1-0"]
[Round "10"]
[TimeControl "180+2"]
[Date "2023.02.28"]
[WhiteClock "0:01:07"]
[BlackClock "0:00:18"]

1. d4 d5 2. c4 c6 3. cxd5 cxd5 4. Bf4 Nc6 5. Nc3 a6 6. e3 h5 7. Be2 e5 8. Bxe5 f6 9. Bxh5+ Ke7 10. Bg3 g5 11. Bf3 Bf5 12. Nxd5+ Kf7 13. Bc7 Qe8 14. Nb6 Ra7 15. Ne2 Nb4 16. Qb3+ Be6 17. d5 Bf5 18. O-O g4 19. d6+ Be6 20. Qxb4 gxf3 21. gxf3 Nh6 22. Ng3 Rg8 23. Qh4 Nf5 24. Qh5+ Rg6 25. Rad1 Qc6 26. e4 Nxg3 27. hxg3 Bxa2 28. d7 Be7 29. d8=Q Bxd8 30. Bxd8 Bb3 31. Rd7+ Ke8 32. Qxg6+ Kf8 33. Qg7+ Ke8 34. Qe7# 1-0


[Site "https://www.chess.com"]

[Event "Titled Tuesday Blitz February 28 Late 2023"]
[White "Pranav, V"]
[Black "Carlsen, Magnus"]
[WhiteFideId "25060783"]
[BlackFideId "1503014"]
[WhiteElo "2500"]
[BlackElo "2852"]
[Result "1-0"]
[Round "11"]
[TimeControl "180+2"]
[Date "2023.02.28"]
[WhiteClock "0:00:27"]
[BlackClock "0:00:18"]

1. e4 e5 2. Nf3 Nc6 3. Bb5 a6 4. Ba4 Nf6 5. O-O Be7 6. d3 b5 7. Bb3 O-O 8. Nc3 d6 9. a3 h6 10. h3 Rb8 11. Be3 Re8 12. Re1 Bf8 13. d4 exd4 14. Nxd4 Bb7 15. Nf5 Ne5 16. f3 c5 17. Bf2 c4 18. Ba2 d5 19. f4 Ng6 20. e5 Ne4 21. Nxe4 dxe4 22. Qg4 Qd2 23. Be3 Qxc2 24. Re2 Qa4 25. Rf1 Rbd8 26. Nxh6+ gxh6 27. f5 Bc8 28. e6 Rd1 29. exf7+ Kxf7 30. Qxg6+ Ke7 31. Bc5+ Kd8 32. Bb6+ Kd7 33. b3 Rxf1+ 34. Kxf1 cxb3 35. Rd2+ 1-0


[Site "https://www.chess.com"]

[Event "Titled Tuesday Blitz February 28 Late 2023"]
[White "Firouzja, Alireza"]
[Black "Kamsky, Gata"]
[WhiteFideId "12573981"]
[BlackFideId "2000024"]
[WhiteElo "2904"]
[BlackElo "2666"]
[Result "1/2-1/2"]
[Round "11"]
[TimeControl "180+2"]
[Date "2023.02.28"]
[WhiteClock "0:00:19"]
[BlackClock "0:01:41"]

1. e4 e5 2. Nf3 Nc6 3. Bb5 a6 4. Ba4 Nf6 5. O-O Be7 6. d3 b5 7. Bb3 d6 8. c3 O-O 9. h3 Na5 10. Bc2 c5 11. d4 cxd4 12. cxd4 Nc6 13. Nc3 Nxd4 14. Nxd4 exd4 15. Qxd4 Bb7 16. Rd1 Rc8 17. Bb3 Re8 18. a3 h6 19. Kh1 Bf8 20. f3 d5 21. exd5 Bc5 22. Qd3 Qd6 23. Ne4 Nxe4 24. fxe4 Qe5 25. Bd2 Bd6 26. Kg1 Qxe4 27. Qxe4 Rxe4 28. Bc3 1/2-1/2


[Site "https://www.chess.com"]

[Event "Titled Tuesday Blitz February 28 Late 2023"]
[White "Nakamura, Hikaru"]
[Black "Indjic, Aleksandar"]
[WhiteFideId "2016192"]
[BlackFideId "911925"]
[WhiteElo "2879"]
[BlackElo "2625"]
[Result "1-0"]
[Round "11"]
[TimeControl "180+2"]
[Date "2023.02.28"]
[WhiteClock "0:00:54"]
[BlackClock "0:00:12"]

1. e4 e5 2. Bc4 Nf6 3. d3 Nc6 4. Nc3 Na5 5. Qf3 Nxc4 6. dxc4 d6 7. Nge2 c6 8. O-O Be6 9. b3 g6 10. h3 Bg7 11. Rd1 Qc7 12. Bg5 Qe7 13. Rd2 h6 14. Be3 O-O 15. Rad1 Rfd8 16. Ng3 b6 17. a4 Rab8 18. Rd3 Ne8 19. Qe2 Qh4 20. Qd2 Rdc8 21. Nce2 Kh7 22. f4 exf4 23. Bxf4 Be5 24. Rf1 Bg7 25. Be3 Qe7 26. Bd4 Be5 27. Nf4 Rd8 28. Rdf3 f6 29. Qf2 Bf7 30. Nge2 Rb7 31. Nd3 Bg8 32. Be3 Qg7 33. Nd4 Re7 34. Nxc6 Red7 35. Nxd8 Rxd8 36. a5 bxa5 37. c5 a4 38. bxa4 Bc4 39. Nxe5 dxe5 40. Rb1 Rc8 41. Qd2 Be6 42. Rff1 g5 43. Qd3 Kg6 44. Qa6 Qd7 45. Rb7 Qc6 46. Qxc6 Rxc6 47. Rxa7 Rc8 48. Rb1 Bc4 49. Rb6 h5 50. c6 g4 51. hxg4 hxg4 52. c7 g3 53. Rb8 Nd6 54. Rxc8 Nxc8 55. Ra8 Be6 56. a5 1-0


[Site "https://www.chess.com"]

[Event "Titled Tuesday Blitz February 28 Late 2023"]
[White "Hansen, Eric"]
[Black "Livaic, Leon"]
[WhiteFideId "2606771"]
[BlackFideId "14531534"]
[WhiteElo "2569"]
[BlackElo "2509"]
[Result "1-0"]
[Round "11"]
[TimeControl "180+2"]
[Date "2023.02.28"]
[WhiteClock "0:00:03"]
[BlackClock "0:00:01"]

1. e4 e6 2. d4 d5 3. Nc3 Bb4 4. e5 c5 5. a3 Bxc3+ 6. bxc3 Ne7 7. h4 Nbc6 8. h5 h6 9. Nf3 Qa5 10. Bd2 Qa4 11. Qb1 c4 12. Be2 Bd7 13. Nh2 O-O-O 14. Ng4 Kb8 15. O-O Nc8 16. Bf4 Nb6 17. Ne3 Qa5 18. Qe1 Na4 19. Nd1 a6 20. Bd2 f6 21. exf6 gxf6 22. Ne3 e5 23. dxe5 fxe5 24. Rb1 Rhg8 25. Bf3 e4 26. Be2 d4 27. Nxc4 Rxg2+ 28. Kxg2 Rg8+ 29. Kh2 Qf5 30. Rxb7+ Ka8 31. Rxd7 Qxd7 32. Rg1 Rf8 33. Rg2 d3 34. cxd3 exd3 35. Bg4 Qd5 36. Qe6 Qxe6 37. Bxe6 Ne7 38. Ne5 Nc5 39. Bc4 Ne4 40. f3 Nxd2 41. Rxd2 Rf5 42. Ng4 Rxh5+ 43. Kg3 Rg5 44. Bxd3 h5 45. Kf4 Ra5 46. Be4+ Kb8 47. Ne5 h4 48. Rd7 Nc8 49. Nc6+ 1-0


[Site "https://www.chess.com"]

[Event "Titled Tuesday Blitz February 28 Late 2023"]
[White "Yu, Yangyi"]
[Black "Perez Ponsa, Federico"]
[WhiteFideId "8603820"]
[BlackFideId "117927"]
[WhiteElo "2783"]
[BlackElo "2592"]
[Result "1-0"]
[Round "11"]
[TimeControl "180+2"]
[Date "2023.02.28"]
[WhiteClock "0:00:16"]
[BlackClock "0:00:02"]

1. Nf3 Nf6 2. g3 g6 3. Bg2 Bg7 4. c4 O-O 5. O-O d6 6. Nc3 Nc6 7. d3 e5 8. Rb1 a5 9. b3 h6 10. Bb2 Be6 11. Qd2 Qd7 12. e4 Bh3 13. Nd5 Bxg2 14. Kxg2 Rfe8 15. Nxf6+ Bxf6 16. Qxh6 Nb4 17. Qd2 Nxa2 18. Ba3 Nb4 19. Bxb4 axb4 20. Qxb4 c6 21. Ra1 Kg7 22. Qb6 Rh8 23. h4 Rab8 24. Rh1 Qg4 25. Ra7 Bd8 26. Qe3 b5 27. c5 Qe6 28. d4 exd4 29. Nxd4 Qf6 30. Nxc6 Rc8 31. Nxd8 Rhxd8 32. cxd6 Qxd6 33. h5 Qd4 34. h6+ Kg8 35. h7+ Kh8 36. Qxd4+ Rxd4 37. Rxf7 Rxe4 38. Rf6 g5 39. Rf5 g4 40. Rxb5 Rf8 41. Rbh5 Re2 42. Rf1 Rb2 43. Rg5 Rxb3 44. Rxg4 Rb2 45. Rg5 Rd2 46. g4 Re2 47. Kg3 Rc2 48. f3 Rc3 49. Rf2 Rd3 50. Kg2 Rc3 51. Kg3 Rd3 52. Rg8+ Rxg8 53. hxg8=Q+ Kxg8 54. Ra2 Kg7 55. Ra6 Kf7 56. g5 Kg7 57. Kg4 Rd1 58. f4 Rb1 59. Ra7+ Kg8 60. f5 Rb6 61. Kh5 Rc6 62. f6 Rc8 63. Kg6 Rf8 64. Rg7+ Kh8 65. Rh7+ Kg8 66. f7+ Rxf7 67. Rxf7 Kh8 68. Rf8# 1-0


[Site "https://www.chess.com"]

[Event "Titled Tuesday Blitz February 28 Late 2023"]
[White "Duda, Jan-Krzysztof"]
[Black "Sarana, Alexey"]
[WhiteFideId "1170546"]
[BlackFideId "24133795"]
[WhiteElo "2790"]
[BlackElo "2717"]
[Result "1-0"]
[Round "11"]
[TimeControl "180+2"]
[Date "2023.02.28"]
[WhiteClock "0:00:32"]
[BlackClock "0:00:02"]

1. e4 c5 2. Nf3 d6 3. d4 cxd4 4. Nxd4 Nf6 5. Nc3 a6 6. g3 e5 7. Nb3 Be7 8. Bg5 Be6 9. Bxf6 Bxf6 10. h4 O-O 11. Qd2 Nc6 12. O-O-O Qb6 13. Kb1 Rfd8 14. Nd5 Bxd5 15. exd5 Ne7 16. g4 g6 17. h5 a5 18. a4 Rdc8 19. Bb5 g5 20. h6 Ng6 21. c3 Nf4 22. Qe3 Qc7 23. Qf3 Bd8 24. Nd2 Qe7 25. Ne4 Bb6 26. Ka2 f6 27. Ng3 Qf7 28. Nf5 Bc5 29. Qe4 Rd8 30. Rd2 Kh8 31. Rc1 Rac8 32. Kb1 Bb6 33. b4 Rc7 34. f3 Qf8 35. Rcc2 Rdc8 36. Kb2 Rd8 37. Bc4 Ng6 38. Bb3 Rdc8 39. Ng7 Nf4 40. Ne6 Qe7 41. Nxc7 Qxc7 42. Qf5 Qd8 43. Ka3 Rc7 44. Rh2 Bg1 45. Rh1 Bb6 46. Re1 Kg8 47. Re4 Qe7 48. Rc4 Rxc4 49. Bxc4 Kf8 50. Kb3 Ke8 51. Qc8+ Kf7 52. Rc1 1-0


[Site "https://www.chess.com"]

[Event "Titled Tuesday Blitz February 28 Late 2023"]
[White "Durarbayli, Vasif"]
[Black "Paravyan, David"]
[WhiteFideId "13402935"]
[BlackFideId "4194985"]
[WhiteElo "2543"]
[BlackElo "2577"]
[Result "1-0"]
[Round "11"]
[TimeControl "180+2"]
[Date "2023.02.28"]
[WhiteClock "0:00:02"]
[BlackClock "0:00:02"]

1. e4 e5 2. Nf3 Nf6 3. Nxe5 d6 4. Nf3 Nxe4 5. d4 d5 6. Bd3 Bd6 7. Nc3 Nxc3 8. bxc3 O-O 9. O-O Nd7 10. h3 h6 11. c4 dxc4 12. Bxc4 Nb6 13. Bd3 Qf6 14. c4 Rd8 15. Be3 Bf5 16. Bxf5 Qxf5 17. Qb3 Bf8 18. c5 Nd5 19. Qxb7 Qe6 20. Qb3 Rab8 21. Qa3 Nb4 22. Rfc1 Nc6 23. Rab1 a5 24. Rb3 Rb4 25. Rxb4 axb4 26. Qb3 Qe4 27. Re1 Qf5 28. Rd1 Rd5 29. Re1 Rd8 30. Qc4 Be7 31. Qa6 Qd5 32. Qb7 Bf6 33. Qxc7 Ra8 34. Re2 Kh7 35. Rd2 Ra7 36. Qc8 Ne7 37. Qb8 Nc6 38. Qc8 Ra3 39. Qb7 Qe4 40. Qxf7 Ne7 41. d5 Nf5 42. Qe6 Qxe6 43. dxe6 Nxe3 44. fxe3 Rxe3 45. Rd6 Be7 46. Rc6 Re2 47. Nd4 Rxa2 48. Nf5 Bf6 49. e7 Re2 50. Rb6 Bxe7 51. Nxe7 Rxe7 52. Rxb4 Re1+ 53. Kf2 Rc1 54. Rb5 Kg6 55. Rb6+ Kf5 56. Rc6 h5 57. Ke3 Rc2 58. g3 Rc3+ 59. Kf2 g5 60. Rc8 Rc2+ 61. Kf3 Rc3+ 62. Kf2 Rc2+ 63. Ke3 Rc3+ 64. Kd4 Rxg3 65. c6 Ke6 66. Rd8 Rg1 67. c7 Rd1+ 68. Ke3 1-0


[Site "https://www.chess.com"]

[Event "Titled Tuesday Blitz February 28 Late 2023"]
[White "Kramnik, Vladimir"]
[Black "Sjugirov, Sanan"]
[WhiteFideId "4101588"]
[BlackFideId "4189302"]
[WhiteElo "2712"]
[BlackElo "2569"]
[Result "0-1"]
[Round "11"]
[TimeControl "180+2"]
[Date "2023.02.28"]
[WhiteClock "0:00:03"]
[BlackClock "0:00:03"]

1. c4 e6 2. Nc3 d5 3. d4 c6 4. e3 Nf6 5. Nf3 Nbd7 6. Be2 Bd6 7. O-O O-O 8. b3 b6 9. Bb2 Bb7 10. Rc1 Qe7 11. cxd5 exd5 12. Qc2 Rac8 13. Rfd1 Rfe8 14. Qf5 Nf8 15. g3 Rcd8 16. Qc2 Ng6 17. Bf1 h5 18. Bg2 h4 19. Ne2 Ne4 20. Nf4 hxg3 21. hxg3 Qf6 22. Nxg6 Qxg6 23. Ne5 Bxe5 24. dxe5 c5 25. Qe2 Bc6 26. Bf3 Ng5 27. Bg2 d4 28. exd4 Bxg2 29. Kxg2 Qc6+ 30. f3 Ne6 31. dxc5 bxc5 32. Qe4 Qa6 33. a4 Rb8 34. Rd3 Red8 35. Rcd1 Rxd3 36. Rxd3 c4 37. Rd6 Qc8 38. f4 Rxb3 39. Bc1 Rd3 40. f5 Nc5 41. Qc6 Qxf5 42. Qxc5 Qf3+ 43. Kg1 Qxg3+ 44. Kf1 Rf3+ 45. Ke2 Qg2+ 0-1


[Site "https://www.chess.com"]

[Event "Titled Tuesday Blitz February 28 Late 2023"]
[White "Vasquez Schroeder, Rodrigo"]
[Black "Bortnyk, Olexandr"]
[WhiteFideId "3400042"]
[BlackFideId "14120828"]
[WhiteElo "2600"]
[BlackElo "2734"]
[Result "1/2-1/2"]
[Round "11"]
[TimeControl "180+2"]
[Date "2023.02.28"]
[WhiteClock "0:00:19"]
[BlackClock "0:00:12"]

1. d4 d6 2. Nf3 Nf6 3. c4 g6 4. g3 Bg7 5. Bg2 O-O 6. O-O Bf5 7. Nc3 Ne4 8. Bd2 Re8 9. Nh4 Nxd2 10. Qxd2 Bc8 11. e3 Nc6 12. d5 Ne5 13. b3 c5 14. f4 Ng4 15. Rfe1 Qa5 16. Rac1 e5 17. h3 Nh6 18. g4 Bd7 19. f5 e4 20. Nxe4 Qxd2 21. Nxd2 Bb2 22. Rc2 Be5 23. Kf2 Kg7 24. Nhf3 gxf5 25. g5 Ng8 26. Nxe5 dxe5 27. b4 cxb4 28. Rb2 a5 29. a3 f6 30. gxf6+ Nxf6 31. axb4 a4 32. Ra1 e4 33. b5 Rec8 34. Rb4 Ne8 35. Rbxa4 Rxa4 36. Rxa4 Nd6 37. Bf1 Kf6 38. Ra7 Ke5 39. b6 f4 40. Ra3 Nf5 41. exf4+ Kxf4 42. Nb3 e3+ 43. Ke1 Rg8 44. Nc1 Ke5 45. Ne2 Rc8 46. Rc3 Ba4 47. h4 Rg8 48. Bh3 Nd6 49. Rxe3+ Ne4 50. Nc3 Kd4 51. Rxe4+ Kxc3 52. Rg4 Re8+ 53. Kf2 Bb3 54. d6 Bxc4 55. d7 Rf8+ 56. Kg3 Bb5 57. Rg7 h5 58. Re7 Kd4 59. Re8 Rxe8 60. dxe8=Q Bxe8 61. Kf4 Kc5 62. Bg2 Kxb6 63. Kg5 Kc7 64. Bf3 b5 65. Kf4 Kd6 66. Ke3 Kc5 67. Kd2 Bg6 68. Kc3 b4+ 69. Kb2 Bf7 70. Be2 Kd4 71. Bd1 Kd3 72. Bf3 Ke3 73. Bxh5 Bxh5 74. Kb3 Kf4 75. Kxb4 Kg4 76. Kc5 Kxh4 1/2-1/2


[Site "https://www.chess.com"]